 Dungeon Crawl Stone Soup version bcrawl-1.28.1b (webtiles) character file.

Game seed: 11057766833137829696

59388 LostNumber the Sneak (level 1, 0/15 HPs)
             Began as a Demonspawn Archaeologist on Dec 19, 2020.
             Slain by a kobold
             ... wielding a +0 whip
              (6 damage)
             ... on level 1 of the Dungeon.
             The game lasted 00:00:22 (130 turns).

LostNumber the Sneak (Demonspawn Archaeologist)      Turns: 130, Time: 00:00:22

Health: 0/15       AC:  6    Str: 11    XL:     1   Next: 33%
Magic:  1/1        EV: 12    Int: 15    God:
Gold:   60         SH:  0    Dex: 11    Spells: 0/0 levels left

rFire    . . .     SeeInvis .   a - +0 whip
rCold    . . .     Gourm    .   (no shield)
rNeg     . . .     Faith    .   b - +1 robe
rPois    .         Spirit   .   c - +1 hat
rElec    .         Reflect  .   (no cloak)
rCorr    .         Harm     .   (no gloves)
MR       .....                  d - +1 pair of boots
Stlth    ++........             (no amulet)
HPRegen  0.05/turn              (no ring)
MPRegen  0.07/turn              (no ring)

@: no status effects
A: no striking features
a: no special abilities


You were on level 1 of the Dungeon.
You were not hungry.

You visited 1 branch of the dungeon, and saw 1 of its levels.

You collected 60 gold pieces.

Inventory:

Hand Weapons
 a - a +0 whip (weapon)
Armour
 b - a +1 robe (worn)
 c - a +1 hat (worn)
 d - a +1 pair of boots (worn)
Scrolls
 g - a scroll of magic mapping
 h - a scroll of enchant weapon {unknown}
 i - a scroll of remove curse {unknown}
Miscellaneous
 f - a dusty tome
Comestibles
 e - 2 rations {!d!d}
 j - 2 chunks of flesh


   Skills:
 + Level 1.1 Fighting
 * Level 1.1 Maces & Flails
 - Level 2.6 Dodging
 - Level 3.0 Stealth


You couldn't memorise any spells.
You didn't know any spells.
Your spell library was empty.

Dungeon Overview and Level Annotations

Branches:
Dungeon (1/12)

Altars:


Message History

The bat hits you but does no damage. The bat barely misses you.
The bat closely misses you.
You hit the bat.
You kill the bat!
Your Maces & Flails skill increases to level 1!
Found 20 gold pieces.
You now have 31 gold pieces (gained 10).
You now have 51 gold pieces (gained 20).
A ball python comes into view.
Found 202 arrows.
A ball python is nearby!
A ball python is nearby!
A ball python is nearby!
Found a leather armour.
You closely miss the ball python. The ball python barely misses you.
The ball python misses you. x2; The ball python closely misses you.
You hit the ball python.
You kill the ball python!
No target in view!
No target in view!
No target in view!
No target in view!
No target in view!
You butcher the ball python corpse.
j - 2 chunks of flesh You see here a ball python skeleton. x2
You now have 60 gold pieces (gained 9).
A kobold comes into view. It is wielding a +0 whip.
A kobold is nearby!
A kobold is nearby!
A kobold is nearby!
A bat comes into view.
Found a stone staircase leading down.
The kobold shouts!
The bat closely misses you.
You hit the kobold. The bat hits you but does no damage.
The kobold closely misses you.
You hit the kobold but do no damage. The bat barely misses you.
The kobold hits you with a +0 whip.
You closely miss the kobold. The kobold hits you with a +0 whip.
The bat hits you.
* * * LOW HITPOINT WARNING * * *
The bat barely misses you. The bat barely misses you.
The bat closely misses you. The bat hits you but does no damage.
You closely miss the kobold. The kobold hits you with a +0 whip.
* * * LOW HITPOINT WARNING * * *
You closely miss the kobold. The kobold hits you with a +0 whip.
You die...

#.####### .##.....>.
.P#......## #.......#
###.......######
................
...####...##### #
#####....########...
#...........bK@.......
...####....######♣♣♣♣♣
...........# ♣♣♣♣♣
...#.......#
#♣♣♣♣...♣♣♣♣#
.........###
#...........#
#..##+##.#
#...........#
#####.##.#
#.8..8.8..8.#
#........#
#..÷÷...÷...#
#...(.####
#...÷...÷÷..#


You could see a bat and a kobold.

Vanquished Creatures
  A bat (D:1)
  A ball python (D:1)
  A frilled lizard (D:1)
3 creatures vanquished.

Notes
Turn   | Place    | Note
-------+----------+-------------------------------------------
     0 | D:1      | LostNumber the Demonspawn Archaeologist began the quest for
                  | the Orb.
     0 | D:1      | Reached XP level 1. HP: 15/15 MP: 1/1
    62 | D:1      | Reached skill level 1 in Maces & Flails
   130 | D:1      | Slain by a kobold

Skill      XL: |  1 |
---------------+----+-----
Maces & Flails | 1 |  1.1
Fighting       | |  1.1
Dodging        | |  2.6
Stealth        | |  3.0

Action                   || total
-------------------------++-------
Melee: Whip              ||    13
Armor: Robe              ||     5
Dodge: Dodged            ||    19
